 Dungeon Crawl Stone Soup version 0.19-a0-1850-g63fd1ff (webtiles) character file.

7495 Naow the Tortoise (level 10, -7/117 HPs)
             Began as a Minotaur Berserker on Oct 10, 2016.
             Was a High Priest of Trog.
             Mangled by a skeletal warrior
             ... wielding a +0 trident of venom
             ... led by a skeletal warrior
              (9 damage)
             ... on level 10 of the Dungeon.
             The game lasted 00:15:03 (9283 turns).

Naow the Tortoise (Minotaur Berserker)              Turns: 9283, Time: 00:15:05

Health: -7/117     AC: 24    Str: 30    XL:     10   Next: 95%
Magic:  9/9        EV: 16    Int:  9    God:    Trog [*****.]
Gold:   709        SH:  0    Dex: 16    Spells: 0 memorised, 9 levels left

rFire  . . .     SeeInvis +     y - +6 mace of Ashenzari's Hatred {elec, *Slow Str+4 Dex+5}
rCold  . . .     Gourm    +     i - +1 plate armour
rNeg   . . .     Faith    .     (no shield)
rPois  .         Spirit   .     (helmet restricted)
rElec  .         Dismiss  .     u - +1 cloak
rCorr  .         Reflect  .     U - +0 pair of gloves
MR     .....     Harm     .     v - +0 pair of boots
Stlth  ..........               D - amulet of the gourmand
                                J - +6 ring of evasion
                                T - ring "Pipuod" {+Blink +Inv Int+2 SInv}

@: berserking (expiring), lethally poisoned (-7 -> -49), very quick
A: retaliatory headbutt, horns 2
a: Berserk, Trog's Hand, Brothers in Arms, Burn Spellbooks, Renounce Religion,
Evoke Blink, Evoke Invisibility


You were on level 10 of the Dungeon.
You worshipped Trog.
Trog was extremely pleased with you.
You were very full.

You visited 2 branches of the dungeon, and saw 11 of its levels.

You collected 709 gold pieces.

Inventory:

Hand Weapons
 t - the +1 mace "Demonslayer" {elec, Dex+2}
   (You found it on level 4 of the Dungeon)

   Occasionally, upon striking a foe, it will discharge some electrical energy
   and cause terrible harm.
   It affects your dexterity (+2).
 y - the +6 mace of Ashenzari's Hatred (weapon) {elec, *Slow Str+4 Dex+5}
   (You found it on level 4 of the Dungeon)

   Occasionally, upon striking a foe, it will discharge some electrical energy
   and cause terrible harm.
   It affects your strength (+4).
   It affects your dexterity (+5).
   It may slow you when you take damage.
 I - a cursed +2 battleaxe
Armour
 b - a +0 animal skin
 i - a +1 plate armour (worn)
 u - a +1 cloak (worn)
 v - a +0 pair of boots (worn)
 U - a +0 pair of gloves (worn)
Jewellery
 g - a cursed ring of teleportation {unknown}
 D - an amulet of the gourmand (around neck)
 J - a +6 ring of evasion (right hand)
 T - the ring "Pipuod" (left hand) {+Blink +Inv Int+2 SInv}
   (You found it on level 10 of the Dungeon)

   [ring of see invisible]

   It affects your intelligence (+2).
   It lets you see invisible.
   It lets you turn invisible.
   It lets you blink.
Wands
 k - a wand of random effects (26/48)
 w - a wand of iceblast (5/15)
 A - a wand of flame (29/48)
 O - a wand of lightning (10/15)
 Z - a wand of flame (12/48)
Scrolls
 a - a scroll of vulnerability {unknown}
 e - 2 scrolls of teleportation
 j - 5 scrolls of identify
 l - 2 scrolls of immolation
 n - a scroll of noise {unknown}
 s - 5 scrolls of blinking
 z - a scroll of summoning {unknown}
 B - 5 scrolls of remove curse
 C - a scroll of random uselessness {unknown}
 F - 2 scrolls of amnesia {unknown}
 G - 2 scrolls of recharging {unknown}
 M - 3 scrolls of fog {unknown}
 N - a scroll of magic mapping
 P - 2 scrolls of enchant armour
 Q - a scroll of fear
 R - a scroll of enchant weapon {unknown}
 V - a scroll of holy word {unknown}
Potions
 h - a potion of invisibility {unknown}
 m - 4 potions of flight {unknown}
 o - 7 potions of might {unknown}
 p - 2 potions of brilliance
 q - 2 potions of ambrosia {unknown}
 x - 7 potions of curing {unknown}
 E - a potion of heal wounds {unknown}
 L - a potion of magic {unknown}
 W - a potion of agility {unknown}
 Y - a potion of mutation {unknown}
Books
 H - a book of Frost

   Spells                             Type                      Level
   a - Freeze                         Ice                          1
   b - Throw Frost                    Conjuration/Ice              2
   c - Ozocubu's Armour               Charms/Ice                   3
   d - Throw Icicle                   Conjuration/Ice              4
   e - Summon Ice Beast               Ice/Summoning                4
   Trog disapproves of the use of such an item.
 K - a book of Air

   Spells                             Type                      Level
   a - Shock                          Conjuration/Air              1
   b - Swiftness                      Charms/Air                   2
   c - Repel Missiles                 Charms/Air                   2
   d - Static Discharge               Conjuration/Air              3
   e - Lightning Bolt                 Conjuration/Air              5
   Trog disapproves of the use of such an item.
Comestibles
 c - 6 bread rations
 d - 2 slices of pizza
 f - 3 meat rations
 r - 31 fruits
 S - 2 beef jerkies


   Skills:
 - Level 3.7 Fighting
 + Level 11.9 Axes
 - Level 15.6 Armour
 - Level 2.1 Dodging


You had 9 spell levels left.
You didn't know any spells.

Dungeon Overview and Level Annotations

Branches:
Dungeon (10/15)            Temple (1/1) D:4            Lair (0/6) D:10
    Orc: D:9-12

Altars:
Hepliaklqana
Makhleb
Ru

Shops:
D:7 =


Innate Abilities, Weirdness & Mutations

You reflexively headbutt those who attack you in melee.
You have a pair of horns on your head.


Message History

Your headbutt misses the skeletal warrior.
The skeletal warrior is severely damaged.
* * * LOW HITPOINT WARNING * * *
You feel sick.
The skeletal warrior hits you with a scimitar.
* * * LOW HITPOINT WARNING * * *
You closely miss the skeletal warrior.
Your headbutt misses the skeletal warrior.
The skeletal warrior is severely damaged.
* * * LOW HITPOINT WARNING * * *
You feel sick.
The skeletal warrior hits you but does no damage.
You are more poisoned.
You barely miss the skeletal warrior.
The skeletal warrior is severely damaged.
* * * LOW HITPOINT WARNING * * *
You feel very sick. The skeletal warrior barely misses you.
The skeletal warrior hits you from afar with a trident of venom!
You die...

.....##########
..............#.......#
..............#.......#
..............#.......#
..............#.......#
.....##########.......#
......................#
...........).....z....#
................@)z...#
......................#
......................#
.....##################
..............#.......#
..............#.......#
..............#.......#
..............#.......#
..............#.......#


You could see 2 skeletal warriors.

Vanquished Creatures
  The ghost of Psiweapon the Carver, a novice MiGl of Dithmenos (D:9)
  A skeletal warrior (D:10)
  An elephant (D:10)
  Maurice (D:9)
  The ghost of Naow the Chopper, an amateur MiBe of Trog (D:4)
  A hornet (D:8)
  A two-headed ogre (D:9)
  Sigmund (D:4)
  Menkaure (D:7)
  2 orc warriors
  A sky beast (D:8)
  2 black bears (D:6)
  7 ogres
  3 ice beasts
  2 phantoms
  A crocodile (D:10)
  3 centaurs
  2 big kobolds
  9 bullfrogs
  4 scorpions
  3 killer bees (D:6)
  4 wights (D:7)
  3 howler monkeys (D:10)
  2 crimson imps
  A bullfrog zombie (D:6)
  5 hounds
  2 centaur skeletons
  A jelly (D:10)
  Crazy Yiuf (D:4)
  3 bullfrog skeletons
  5 orc priests
  15 orc wizards
  5 iguanas
  10 worker ants
  2 hound skeletons (D:5)
  A howler monkey zombie (D:10)
  13 adders
  2 shadow imps
  An adder zombie (D:10)
  A worm (D:3)
  7 leopard geckos
  34 orcs
  10 bats
  6 giant cockroaches
  5 goblins
  9 hobgoblins
  9 jackals
  5 quokkas
  4 ball pythons (D:3)
  5 frilled lizards (D:3)
  12 kobolds
  2 leopard gecko skeletons
  A quokka skeleton (D:4)
  10 rats
244 creatures vanquished.

Notes
Turn   | Place    | Note
-------+----------+-------------------------------------------
     0 | D:1      | Naow the Minotaur Berserker began the quest for the Orb.
     0 | D:1      | Reached XP level 1. HP: 19/19 MP: 0/0
   348 | D:1      | Reached XP level 2. HP: 26/27 MP: 1/1
   981 | D:2      | Reached skill level 5 in Axes
   981 | D:2      | Reached XP level 3. HP: 29/33 MP: 2/2
  1196 | D:2      | Found a sacrificial altar of Ru.
  1256 | D:2      | Reached ** piety under Trog
  1623 | D:2      | Found a burning altar of Makhleb.
  1770 | D:3      | Reached XP level 4. HP: 40/40 MP: 3/3
  1828 | D:3      | Found a glowing drain.
  2700 | D:3      | Reached XP level 5. HP: 46/46 MP: 4/4
  2704 | D:3      | Reached *** piety under Trog
  3071 | D:4      | Found a staircase to the Ecumenical Temple.
  3087 | D:4      | Reached XP level 6. HP: 45/52 MP: 5/5
  3406 | D:4      | Noticed Sigmund
  3421 | D:4      | Killed Sigmund
  3421 | D:4      | Reached XP level 7. HP: 58/58 MP: 6/6
  3541 | D:4      | Found a runed door.
  3551 | D:4      | Noticed Crazy Yiuf
  3560 | D:4      | Killed Crazy Yiuf
  3819 | D:4      | Got a sapphire mace
  3823 | D:4      | Got a polished mace
  3824 | D:4      | Identified the cursed +1 mace "Demonslayer" {elec, Dex+2} (You found it on level 4 of the Dungeon)
  3869 | D:4      | Noticed Naow's ghost (amateur MiBe)
  3882 | D:4      | Killed Naow's ghost
  3882 | D:4      | Reached skill level 5 in Armour
  3947 | D:4      | Reached skill level 6 in Armour
  4054 | D:4      | Reached XP level 8. HP: 66/66 MP: 7/7
  4259 | Temple   | Entered the Ecumenical Temple
  4269 | D:5      | Entered Level 5 of the Dungeon
  4286 | D:5      | Reached skill level 7 in Armour
  4350 | D:5      | Reached skill level 8 in Armour
  4452 | D:5      | Reached skill level 9 in Armour
  4540 | D:5      | Reached **** piety under Trog
  4865 | D:6      | Reached skill level 10 in Armour
  5274 | D:6      | Reached XP level 9. HP: 68/71 MP: 8/8
  5293 | D:6      | Reached skill level 11 in Armour
  5535 | D:7      | Found Fuafefechu's Jewellery Shop.
  5536 | D:7      | Noticed Menkaure
  5544 | D:7      | Killed Menkaure
  5544 | D:7      | Reached skill level 12 in Armour
  5889 | D:7      | Reached skill level 13 in Armour
  6703 | D:8      | Identified the +6 mace of Ashenzari's Hatred {elec, *Slow Str+4 Dex+5} (You found it on level 4 of the Dungeon)
  6844 | D:8      | Received a gift from Trog
  7269 | D:8      | Paralysed by a hornet for 1 turns
  7272 | D:8      | Reached skill level 14 in Armour
  7272 | D:8      | Reached XP level 10. HP: 66/78 MP: 9/9
  7284 | D:8      | Found a hazy altar of Hepliaklqana.
  7455 | D:9      | Noticed Maurice
  7470 | D:9      | Killed Maurice
  7500 | D:9      | Noticed Psiweapon's ghost (novice MiGl)
  7511 | D:9      | Killed Psiweapon's ghost
  7511 | D:9      | Reached skill level 15 in Armour
  7652 | D:9      | Reached ***** piety under Trog
  8541 | D:10     | Entered Level 10 of the Dungeon
  8546 | D:10     | Got a coiled glass ring
  8549 | D:10     | Identified the ring "Pipuod" {+Blink +Inv Int+2 SInv} (You found it on level 10 of the Dungeon)
  8634 | D:10     | Reached skill level 10 in Axes
  8756 | D:10     | Found a staircase to the Lair.
  8762 | D:10     | Noticed an elephant
  8774 | D:10     | Killed an elephant
  9266 | D:10     | Noticed a skeletal warrior
  9267 | D:10     | Noticed a skeletal warrior
  9267 | D:10     | Noticed a skeletal warrior
  9279 | D:10     | Killed a skeletal warrior
  9282 | D:10     | HP: 4/117 [poisoned by a skeletal warrior]
  9283 | D:10     | Mangled by a skeletal warrior

Vault maps used:
D:1:      noname_arrival_rooms_in_the_neighbourhood, kennysheep_boxes
D:2:      lemuel_round_altar, lightli_temple_of_fire,
          minmay_misc_feat_nine_boxes
D:3:      first_bread, portal_sewer_entry_e, roderic_cross_of_infinity
D:4:      serial_bayou_lake_a, uniq_sigmund, uniq_crazy_yiuf_cottage
D:5:      item_on_display_a
D:7:      serial_shops, nicolae_shop_waterfront, uniq_menkaure
D:8:      kennysheep_mini, blue_anna_alchemist
D:9:      uniq_maurice
D:10:     david_lair_generic, lightli_corner_chamber
Temple:   dpeg_five_rooms_temple

Skill      XL: |  1  2  3  4  5  6  7  8  9 10 |
---------------+-------------------------------+-----
Axes           | 4 5 7 8 9 11 | 11.9
Armour         | 6 10 14 15 | 15.6
Fighting       | |  3.7
Dodging        | |  2.1

Action                   |  1- 3 |  4- 6 |  7- 9 | 10-12 || total
-------------------------+-------+-------+-------+-------++-------
Melee: Hand axe          |    85 |   179 |    13 |       ||   277
       Headbutt          |    15 |    30 |    48 |    28 ||   121
       Mace              |       |       |   288 |   140 ||   428
Invok: Berserk           |       |     1 |     6 |     2 ||     9
       Trog's Hand       |       |     1 |     1 |       ||     2
       Burn Spellbooks   |       |       |     1 |       ||     1
  Use: Scroll            |       |     5 |     3 |       ||     8
 Stab: Sleeping          |     1 |       |       |       ||     1
  Eat: Chunk             |     3 |     5 |    25 |    11 ||    44
       Beef jerky        |       |       |     1 |       ||     1
Armor: Plate armour      |    56 |   117 |   234 |    84 ||   491
       Animal skin       |     2 |       |       |       ||     2
Dodge: Dodged            |    32 |    49 |   136 |   131 ||   348
